Senators vs Sewer Rats
Created - March 18, 2021 at 20:11
Goals
|
| Senators |
0 |
3 |
1 |
4 |
| Sewer Rats |
1 |
1 |
1 |
3 |
|
Shots
|
| Senators |
6 |
18 |
14 |
38 |
| Sewer Rats |
5 |
13 |
11 |
29 |
|
1st period
1. Sewer Rats , Jonathan Marchessault 18 (Anthony Duclair 10, Marek Mazanek) at 8:19 (PP)
Penalties :
Eric Mestery (BIN) for Tripping (Minor) at 7:47, Jonathan Ferland (BIN) for Hooking (Minor) at 13:04
2nd period
2. Senators , Jordan Schroeder 22 (Tomas Jurco 24) at 10:42
3. Sewer Rats , Mark Mancari 46 (Vincent Trocheck 56, Daniel Carr 47) at 11:55
4. Senators , Nathan Gerbe 22 (Nick Foligno 36, Keegan Lowe 31) at 12:38
5. Senators , Scott Harrington 3 (Nick Foligno 37, Nathan Gerbe 48) at 15:44 (PP)
Penalties :
Jack Dougherty (BIN) for Hooking (Minor) at 0:43, Jonathan Marchessault (Tol) for Tripping (Minor) at 15:35
3rd period
6. Senators , Kyle Connor 3 (Zachary Sanford 18, Jack Dougherty 7) at 7:07
7. Sewer Rats , Daniel Carr 31 (Joel Edmundson 22) at 8:18
Penalties :
Joel Edmundson (Tol) for Roughing (Minor) at 4:19
Goalie Stats
Sami Aittokallio (BIN), 26 saves from 29 shots - (0.897), W, 4-7-2, 60:00 minutes
Marek Mazanek (Tol), 34 saves from 38 shots - (0.895), L, 17-17-2, 59:04 minutes
Players Stats for Senators
Player Name G A P +/- PIM S H SB GA TA FO MP PP MP PK MP
------------------------------------------------------------------------------------
A.J. Jenks 0 0 0 -1 0 1 0 0 0 0 0/0 7:07 0:00 0:00
Adam Ollas-Mattsson 0 0 0 0 0 0 1 0 0 0 0/0 4:26 0:00 0:00
Anthony Richard 0 0 0 0 0 0 0 0 0 0 0/0 0:24 0:00 0:00
Brett Bulmer 0 0 0 0 0 0 0 0 0 0 0/0 0:00 0:00 0:00
Chandler Stephenson 0 0 0 1 0 1 3 0 1 0 1/6 11:37 0:00 0:25
Dylan Blujus 0 0 0 -1 0 1 1 1 1 1 0/0 18:03 0:34 0:49
Eric Mestery 0 0 0 -1 2 0 0 0 0 0 0/0 18:02 0:34 0:49
Grant Besse 0 0 0 -1 0 1 0 0 0 0 0/0 7:07 0:00 0:00
Jack Dougherty 0 1 1 1 2 0 1 1 0 1 0/0 11:15 0:00 0:34
Jake Evans 0 0 0 -1 0 2 0 0 0 0 1/6 7:07 0:00 0:00
Joel Eriksson Ek 0 0 0 0 0 0 0 0 0 0 0/0 1:13 0:00 1:13
Jonathan Ferland 0 0 0 1 2 6 2 1 0 0 2/3 23:37 1:48 1:29
Joonas Lyytinen 0 0 0 0 0 0 1 0 0 0 0/0 4:26 0:00 0:00
Jordan Schroeder 1 0 1 0 0 1 0 0 0 0 10/19 15:29 0:20 0:42
Keegan Lowe 0 1 1 1 0 1 1 2 1 1 0/0 26:06 1:34 2:57
Kyle Connor 1 0 1 1 0 1 1 0 0 1 0/0 11:42 0:00 0:26
Mason Geertsen 0 0 0 0 0 0 0 0 0 0 0/0 0:40 0:00 0:40
Nathan Gerbe 1 1 2 1 0 6 2 0 0 1 13/26 23:40 1:48 1:29
Nick Foligno 0 2 2 1 0 3 1 1 0 3 1/3 22:50 1:48 0:40
Philippe Myers 0 0 0 1 0 0 0 0 0 0 0/0 11:11 0:00 0:43
Scott Harrington 1 0 1 1 0 2 3 1 0 1 0/0 25:50 1:34 2:28
Tomas Jurco 0 1 1 0 0 5 2 0 0 0 2/3 16:23 0:20 1:23
Warren Foegele 0 0 0 0 0 0 0 0 0 0 0/0 0:00 0:00 0:00
Zachary Sanford 0 1 1 1 0 1 2 0 0 0 0/0 11:12 0:00 0:00
Zemgus Girgensons 0 0 0 0 0 6 3 0 0 0 0/0 16:00 0:20 1:13
Players Stats for Sewer Rats
Player Name G A P +/- PIM S H SB GA TA FO MP PP MP PK MP
------------------------------------------------------------------------------------
Anthony Duclair 0 1 1 0 0 1 1 0 0 1 0/0 18:11 2:05 0:12
Connor Carrick 0 0 0 0 0 0 0 0 0 0 0/0 12:14 0:00 1:01
Daniel Carr 1 1 2 1 0 4 1 0 0 0 1/3 25:16 2:25 1:38
Dmitrij Jaskin 0 0 0 -2 0 4 0 2 2 0 0/0 15:04 0:00 0:00
Drake Caggiula 0 0 0 -2 0 2 1 0 0 0 2/4 15:10 0:00 0:12
Erik Condra 0 0 0 0 0 3 0 1 0 0 1/1 18:16 2:05 0:18
Jared McCann 0 0 0 0 0 0 0 0 0 0 0/0 2:37 0:00 0:00
Jarred Tinordi 0 0 0 1 0 2 0 2 0 0 0/0 18:31 2:05 0:58
Joel Edmundson 0 1 1 -2 2 1 2 1 0 1 0/0 24:34 2:25 0:09
John Ramage 0 0 0 1 0 3 0 2 0 0 0/0 18:31 2:05 0:58
Jonathan Marchessault 1 0 1 0 2 3 4 0 0 0 12/17 17:57 2:05 0:00
Mark Mancari 1 0 1 1 0 2 2 1 3 0 1/2 22:23 2:25 0:18
Ryan Murphy 0 0 0 0 0 0 0 0 0 1 0/0 10:59 0:00 0:00
Stefan Elliott 0 0 0 -2 0 1 1 6 1 0 0/0 25:22 2:25 1:10
Thomas Chabot 0 0 0 0 0 0 1 0 0 0 0/0 6:15 0:00 0:00
Vincent Trocheck 0 1 1 1 0 2 5 1 1 0 18/38 25:18 2:25 1:38
Xavier Ouellet 0 0 0 0 0 0 0 0 0 0 0/0 5:08 0:00 0:00
Zach Aston-Reese 0 0 0 -2 0 1 3 0 2 0 1/1 16:04 0:00 0:00
3 Stars
1 - Nathan Gerbe (BIN)
2 - Daniel Carr (Tol)
3 - Scott Harrington (BIN)
Power Play
Senators - 1 on 2 Attempt(s) - 50.00%
Sewer Rats - 1 on 3 Attempt(s) - 33.33%
Penalty Kill
Senators - 2 on 3 Attempt(s) - 66.67%
- Score 0 goal in Penalty Kill
Sewer Rats - 1 on 2 Attempt(s) - 50.00%
- Score 0 goal in Penalty Kill
Team Stat
Senators - Hits : 24 - Faceoff Wins : 30 - Blocked Shots : 7 - Penalty Minutes : 6
Sewer Rats - Hits : 21 - Faceoff Wins : 36 - Blocked Shots : 16 - Penalty Minutes : 4
Official
Referees : Unknown
Linesman : Unknown
Game Notes
No Game Note
Finance
Level 1 -- Attendance: 1685 (84.25%) -- Ticket Income $58,975
Level 2 -- Attendance: 847 (84.70%) -- Ticket Income $14,399
Total Attendance: 2532 (84.40%)
Total Ticket Income: $73,374
Other Income: $3,669
Total Income: $77,043
Senators
5 vs 5 Forward
Center Left Wing Right Wing Time % Phy DF OF
1 Nathan Gerbe Nick Foligno Jonathan Ferland 40 1 2 2
2 Jordan Schroeder Zemgus Girgensons Tomas Jurco 30 1 2 2
3 Chandler Stephenson Zachary Sanford Kyle Connor 20 1 2 2
4 Jake Evans A.J. Jenks Grant Besse 10 1 2 2
5 vs 5 Defense
Defense Defense Time % Phy DF OF
1 Keegan Lowe Scott Harrington 40 1 2 2
2 Dylan Blujus Eric Mestery 30 1 2 2
3 Jack Dougherty Philippe Myers 20 1 2 2
4 Joonas Lyytinen Adam Ollas-Mattsson 10 1 2 2
PowerPlay Forward
Center Left Wing Right Wing Time % Phy DF OF
1 Nathan Gerbe Nick Foligno Jonathan Ferland 60 1 2 2
2 Jordan Schroeder Zemgus Girgensons Tomas Jurco 40 1 2 2
PowerPlay Defense
Defense Defense Time % Phy DF OF
1 Keegan Lowe Scott Harrington 60 1 2 2
2 Dylan Blujus Eric Mestery 40 1 2 2
Penalty Kill 4 Players Forward
Center Wing Time % Phy DF OF
1 Jonathan Ferland Nathan Gerbe 60 1 2 2
2 Tomas Jurco Nick Foligno 40 1 2 2
Penalty Kill 4 Players Defense
Defense Defense Time % Phy DF OF
1 Keegan Lowe Scott Harrington 60 1 2 2
2 Dylan Blujus Eric Mestery 40 1 2 2
Penalty Kill - 3 Players Forward
Forward Time % Phy DF OF
1 Jonathan Ferland 60 1 2 2
2 Nathan Gerbe 40 1 2 2
Penalty Kill - 3 Players Defense
Defense Defense Time % Phy DF OF
1 Keegan Lowe Scott Harrington 60 1 2 2
2 Dylan Blujus Eric Mestery 40 1 2 2
4 vs 4 Forward
Center Wing Time % Phy DF OF
1 Jonathan Ferland Nathan Gerbe 60 1 2 2
2 Tomas Jurco Nick Foligno 40 1 2 2
4 vs 4 Defense
Defense Defense Time % Phy DF OF
1 Keegan Lowe Scott Harrington 60 1 2 2
2 Dylan Blujus Eric Mestery 40 1 2 2
Last Minutes Offensive
Center Left Wing Right Wing Defense Defense
Nathan Gerbe Nick Foligno Jonathan Ferland Keegan Lowe Scott Harrington
Last Minutes Defensive
Center Left Wing Right Wing Defense Defense
Nathan Gerbe Nick Foligno Jonathan Ferland Keegan Lowe Scott Harrington
Goaltenders
Starting : Sami Aittokallio
Backup : Justin Peters
Extra Forwards
Normal : Kyle Connor, Anthony Richard, Joel Eriksson Ek - PP : Kyle Connor, Anthony Richard - PK : Joel Eriksson Ek
Extra Defensemen
Normal : Mason Geertsen, Jack Dougherty, Philippe Myers - PP : Mason Geertsen - PK : Jack Dougherty, Philippe Myers
Penalty Shots
Jonathan Ferland, Nathan Gerbe, Tomas Jurco, Nick Foligno, Zemgus Girgensons
Scratches
Kevin Rooney (Healthy), Zach Nastasiuk (Healthy), Jonas Siegenthaler (Healthy), Blake Coleman (Healthy), Branden Troock (Healthy)
Gustav Forsling (Healthy), Maxim Letunov (Healthy), Pontus Sjalin (Healthy), Keven Bouchard (Healthy)
Sewer Rats
5 vs 5 Forward
Center Left Wing Right Wing Time % Phy DF OF
1 Vincent Trocheck Daniel Carr Mark Mancari 40 1 2 2
2 Jonathan Marchessault Anthony Duclair Erik Condra 30 1 2 2
3 Drake Caggiula Zach Aston-Reese Dmitrij Jaskin 20 1 2 2
4 Zach Aston-Reese Vincent Trocheck Daniel Carr 10 1 2 2
5 vs 5 Defense
Defense Defense Time % Phy DF OF
1 Stefan Elliott Joel Edmundson 40 1 2 2
2 Jarred Tinordi John Ramage 30 1 2 2
3 Ryan Murphy Connor Carrick 20 1 2 2
4 Thomas Chabot Xavier Ouellet 10 1 2 2
PowerPlay Forward
Center Left Wing Right Wing Time % Phy DF OF
1 Vincent Trocheck Daniel Carr Mark Mancari 60 1 2 2
2 Jonathan Marchessault Anthony Duclair Erik Condra 40 1 2 2
PowerPlay Defense
Defense Defense Time % Phy DF OF
1 Stefan Elliott Joel Edmundson 60 1 2 2
2 Jarred Tinordi John Ramage 40 1 2 2
Penalty Kill 4 Players Forward
Center Wing Time % Phy DF OF
1 Vincent Trocheck Daniel Carr 60 1 2 2
2 Mark Mancari Erik Condra 40 1 2 2
Penalty Kill 4 Players Defense
Defense Defense Time % Phy DF OF
1 Stefan Elliott Joel Edmundson 60 1 2 2
2 Jarred Tinordi John Ramage 40 1 2 2
Penalty Kill - 3 Players Forward
Forward Time % Phy DF OF
1 Vincent Trocheck 60 1 2 2
2 Daniel Carr 40 1 2 2
Penalty Kill - 3 Players Defense
Defense Defense Time % Phy DF OF
1 Stefan Elliott Joel Edmundson 60 1 2 2
2 Jarred Tinordi John Ramage 40 1 2 2
4 vs 4 Forward
Center Wing Time % Phy DF OF
1 Vincent Trocheck Daniel Carr 60 1 2 2
2 Mark Mancari Erik Condra 40 1 2 2
4 vs 4 Defense
Defense Defense Time % Phy DF OF
1 Stefan Elliott Joel Edmundson 60 1 2 2
2 Jarred Tinordi John Ramage 40 1 2 2
Last Minutes Offensive
Center Left Wing Right Wing Defense Defense
Vincent Trocheck Daniel Carr Mark Mancari Stefan Elliott Joel Edmundson
Last Minutes Defensive
Center Left Wing Right Wing Defense Defense
Vincent Trocheck Daniel Carr Mark Mancari Stefan Elliott Joel Edmundson
Goaltenders
Starting : Marek Mazanek
Backup : Darcy Kuemper
Extra Forwards
Normal : Jared McCann, Dmitrij Jaskin, Drake Caggiula - PP : Jared McCann, Dmitrij Jaskin - PK : Drake Caggiula
Extra Defensemen
Normal : Ryan Murphy, Connor Carrick, Thomas Chabot - PP : Ryan Murphy - PK : Connor Carrick, Thomas Chabot
Penalty Shots
Vincent Trocheck, Daniel Carr, Mark Mancari, Erik Condra, Jonathan Marchessault
Scratches
Dominik Kubalik (Healthy), Nick Cousins (Healthy), Josh Archibald (Healthy), Jonathan Racine (Healthy), Joseph Blandisi (Suspend)
Tyler Motte (Healthy), Chris Calhan (Healthy), Mark Friedman (Healthy), Michael Dal Colle (Healthy), Matteson Iacopelli (Healthy)
Adin Hill (Healthy), Antoine Bibeau (Healthy)
% Time on Ice - Senators
Lines # - Real PCT - Wanted PCT - Time Play
Normal Forward
1 - 37% - 40% - 19:14
2 - 28% - 30% - 14:40
3 - 21% - 20% - 11:12
4 - 14% - 10% - 7:07
Normal Defense
1 - 40% - 40% - 20:55
2 - 31% - 30% - 16:24
3 - 20% - 20% - 10:28
4 - 8% - 10% - 4:26
PP Forward
1 - 84% - 60% - 1:48
2 - 16% - 40% - 0:20
PP Defense
1 - 73% - 60% - 1:34
2 - 27% - 40% - 0:34
PK Forward
1 - 69% - 60% - 3:07
2 - 31% - 40% - 1:23
PK Defense
1 - 82% - 60% - 3:41
2 - 18% - 40% - 0:49
PK3 Forward
1 - 0% - 60%
2 - 0% - 40%
PK3 Defense
1 - 0% - 60%
2 - 0% - 40%
44 Forward
1 - 0% - 60%
2 - 0% - 40%
44 Defense
1 - 0% - 60%
2 - 0% - 40%
Last Minute Offensive - 0:00
Last Minute Defensive - 1:09
Total
Forward - 60:00
Defense - 60:00
|
% Time on Ice - Sewer Rats
Lines # - Real PCT - Wanted PCT - Time Play
Normal Forward
1 - 37% - 40% - 19:11
2 - 31% - 30% - 16:19
3 - 27% - 20% - 14:03
4 - 5% - 10% - 2:41
Normal Defense
1 - 40% - 40% - 20:46
2 - 30% - 30% - 15:28
3 - 21% - 20% - 10:52
4 - 10% - 10% - 5:08
PP Forward
1 - 54% - 60% - 2:25
2 - 46% - 40% - 2:05
PP Defense
1 - 54% - 60% - 2:25
2 - 46% - 40% - 2:05
PK Forward
1 - 86% - 60% - 1:50
2 - 14% - 40% - 0:18
PK Defense
1 - 55% - 60% - 1:10
2 - 45% - 40% - 0:58
PK3 Forward
1 - 0% - 60%
2 - 0% - 40%
PK3 Defense
1 - 0% - 60%
2 - 0% - 40%
44 Forward
1 - 0% - 60%
2 - 0% - 40%
44 Defense
1 - 0% - 60%
2 - 0% - 40%
Last Minute Offensive - 1:08
Last Minute Defensive - 0:00
Total
Forward - 60:00
Defense - 60:00
|
Play-by-Play
1st period
0:01 of 1st period - Vincent Trocheck wins face-off versus Nick Foligno in neutral zone.
0:05 of 1st period - Off-side.
0:06 of 1st period - Nathan Gerbe wins face-off versus Vincent Trocheck in neutral zone.
0:33 of 1st period - Wrist shot by Vincent Trocheck.
0:33 of 1st period - Shot Blocked by Scott Harrington.
0:35 of 1st period - Snap shot by Mark Mancari.
0:35 of 1st period - Stopped by Sami Aittokallio with a rebound.
0:52 of 1st period - Wrist shot by Vincent Trocheck.
0:52 of 1st period - Shot Misses the Net.
1:15 of 1st period - Off-side.
1:16 of 1st period - Jonathan Marchessault wins face-off versus Jordan Schroeder in neutral zone.
1:31 of 1st period - Wrist shot by Anthony Duclair.
1:31 of 1st period - Stopped by Sami Aittokallio without a rebound.
1:32 of 1st period - Drake Caggiula wins face-off versus Chandler Stephenson in Senators zone.
1:46 of 1st period - Snap shot by Zachary Sanford.
1:46 of 1st period - Shot Misses the Net.
2:28 of 1st period - Dylan Blujus is hit by Drake Caggiula and loses puck.
2:47 of 1st period - Zachary Sanford is hit by Vincent Trocheck and loses puck.
3:14 of 1st period - Xavier Ouellet is hit by Zemgus Girgensons and loses puck.
3:37 of 1st period - Snap shot by Zachary Sanford.
3:37 of 1st period - Shot Misses the Net.
3:39 of 1st period - Snap shot by Zachary Sanford.
3:39 of 1st period - Shot Blocked by Vincent Trocheck.
4:11 of 1st period - Snap shot by Drake Caggiula.
4:11 of 1st period - Stopped by Sami Aittokallio with a rebound.
5:11 of 1st period - Backhand shot by A.J. Jenks.
5:11 of 1st period - Shot Blocked by Joel Edmundson.
5:13 of 1st period - Slapshot by Dylan Blujus.
5:13 of 1st period - Stopped by Marek Mazanek without a rebound.
5:14 of 1st period - Tomas Jurco wins face-off versus Jonathan Marchessault in Sewer Rats zone.
5:25 of 1st period - Wrist shot by Zemgus Girgensons.
5:25 of 1st period - Shot Misses the Net.
5:43 of 1st period - Slapshot by Jonathan Ferland.
5:43 of 1st period - Shot Blocked by Dmitrij Jaskin.
5:45 of 1st period - Snap shot by Jonathan Ferland.
5:45 of 1st period - Stopped by Marek Mazanek without a rebound.
5:46 of 1st period - Jonathan Marchessault wins face-off versus Nathan Gerbe in Sewer Rats zone.
5:53 of 1st period - Nathan Gerbe is hit by Joel Edmundson and loses puck.
6:22 of 1st period - Icing by Vincent Trocheck.
6:23 of 1st period - Jordan Schroeder wins face-off versus Vincent Trocheck in Sewer Rats zone.
6:28 of 1st period - Wrist shot by Zemgus Girgensons.
6:28 of 1st period - Shot Blocked by Stefan Elliott.
6:30 of 1st period - Wrist shot by Tomas Jurco.
6:30 of 1st period - Deflect By Stefan Elliott.
6:30 of 1st period - Stopped by Marek Mazanek without a rebound.
6:31 of 1st period - Vincent Trocheck wins face-off versus Jordan Schroeder in Sewer Rats zone.
6:58 of 1st period - Zachary Sanford is hit by Jonathan Marchessault and loses puck.
7:07 of 1st period - Wrist shot by Zachary Sanford.
7:07 of 1st period - Stopped by Marek Mazanek without a rebound.
7:08 of 1st period - Drake Caggiula wins face-off versus Nathan Gerbe in Sewer Rats zone.
7:19 of 1st period - Jonathan Ferland is hit by Zach Aston-Reese and loses puck.
7:45 of 1st period - Slapshot by Dmitrij Jaskin.
7:45 of 1st period - Stopped by Sami Aittokallio with a rebound.
7:47 of 1st period - Minor Penalty to Eric Mestery for Tripping.
7:48 of 1st period - Jonathan Ferland wins face-off versus Vincent Trocheck in Senators zone.
8:19 of 1st period - Snap shot by Jonathan Marchessault.
8:19 of 1st period - Goal by Jonathan Marchessault - Senators : 0 - Sewer Rats : 1.
8:20 of 1st period - Vincent Trocheck wins face-off versus Jordan Schroeder in neutral zone.
9:44 of 1st period - Wrist shot by Jonathan Ferland.
9:44 of 1st period - Shot Misses the Net.
9:46 of 1st period - Snap shot by Nathan Gerbe.
9:46 of 1st period - Shot Misses the Net.
9:48 of 1st period - Wrist shot by Scott Harrington.
9:48 of 1st period - Stopped by Marek Mazanek with a rebound.
10:41 of 1st period - Snap shot by Nathan Gerbe.
10:41 of 1st period - Deflect By Jonathan Ferland.
10:41 of 1st period - Shot Misses the Net.
10:41 of 1st period - Puck is out of play.
10:42 of 1st period - Vincent Trocheck wins face-off versus Nick Foligno in Sewer Rats zone.
10:55 of 1st period - Nick Foligno is hit by Vincent Trocheck and loses puck.
11:22 of 1st period - Nick Foligno is hit by Zach Aston-Reese and loses puck.
11:59 of 1st period - Snap shot by Jonathan Ferland.
11:59 of 1st period - Stopped by Marek Mazanek with a rebound.
12:05 of 1st period - Wrist shot by Zach Aston-Reese.
12:05 of 1st period - Shot Blocked by Dylan Blujus.
12:13 of 1st period - Snap shot by Nathan Gerbe.
12:13 of 1st period - Shot Misses the Net.
13:04 of 1st period - Minor Penalty to Jonathan Ferland for Hooking.
13:05 of 1st period - Tomas Jurco wins face-off versus Vincent Trocheck in Senators zone.
13:31 of 1st period - Scott Harrington is hit by Jonathan Marchessault and loses puck.
15:04 of 1st period - Penalty to Jonathan Ferland is over, Jonathan Ferland is back on ice.
15:06 of 1st period - Snap shot by Zemgus Girgensons.
15:06 of 1st period - Shot Blocked by John Ramage.
15:22 of 1st period - Jarred Tinordi is hit by Joonas Lyytinen.
15:38 of 1st period - Jared McCann is hit by Zachary Sanford and loses puck.
15:51 of 1st period - Philippe Myers is hit by Vincent Trocheck and loses puck.
16:04 of 1st period - Jonathan Marchessault is hit by Tomas Jurco.
17:24 of 1st period - Jonathan Marchessault is hit by Nathan Gerbe and loses puck.
19:47 of 1st period - Thomas Chabot is hit by Nathan Gerbe and loses puck.
19:56 of 1st period - Eric Mestery is hit by Thomas Chabot.
Goals for this period are 0 for Senators vs 1 for Sewer Rats.
Shots for this period are 6 for Senators vs 5 for Sewer Rats.
2nd period
0:01 of 2nd period - Jordan Schroeder wins face-off versus Mark Mancari in neutral zone.
0:43 of 2nd period - Minor Penalty to Jack Dougherty for Hooking.
0:44 of 2nd period - Vincent Trocheck wins face-off versus Jonathan Ferland in Senators zone.
2:43 of 2nd period - Penalty to Jack Dougherty is over, Jack Dougherty is back on ice.
2:52 of 2nd period - Snap shot by Drake Caggiula.
2:52 of 2nd period - Stopped by Sami Aittokallio with a rebound.
2:54 of 2nd period - Snap shot by Dmitrij Jaskin.
2:54 of 2nd period - Shot Blocked by Jack Dougherty.
2:58 of 2nd period - Slapshot by Zach Aston-Reese.
2:58 of 2nd period - Stopped by Sami Aittokallio with a rebound.
3:00 of 2nd period - Snap shot by Dmitrij Jaskin.
3:00 of 2nd period - Stopped by Sami Aittokallio with a rebound.
3:43 of 2nd period - Wrist shot by Tomas Jurco.
3:43 of 2nd period - Stopped by Marek Mazanek with a rebound.
4:17 of 2nd period - Vincent Trocheck is hit by Zachary Sanford and loses puck.
5:20 of 2nd period - Erik Condra is hit by Chandler Stephenson and loses puck.
6:13 of 2nd period - Snap shot by A.J. Jenks.
6:13 of 2nd period - Deflect By Jake Evans.
6:13 of 2nd period - Stopped by Marek Mazanek without a rebound.
6:14 of 2nd period - Erik Condra wins face-off versus Jake Evans in Sewer Rats zone.
6:14 of 2nd period - Erik Condra is hit by Scott Harrington.
7:24 of 2nd period - Jarred Tinordi is hit by Chandler Stephenson and loses puck.
7:47 of 2nd period - Icing by Jack Dougherty.
7:48 of 2nd period - Jake Evans wins face-off versus Vincent Trocheck in Senators zone.
7:52 of 2nd period - Off-side.
7:53 of 2nd period - Nick Foligno wins face-off versus Drake Caggiula in neutral zone.
8:08 of 2nd period - Wrist shot by Nathan Gerbe.
8:08 of 2nd period - Stopped by Marek Mazanek with a rebound.
8:25 of 2nd period - Snap shot by Dmitrij Jaskin.
8:25 of 2nd period - Stopped by Sami Aittokallio with a rebound.
8:27 of 2nd period - Slapshot by John Ramage.
8:27 of 2nd period - Stopped by Sami Aittokallio without a rebound.
8:28 of 2nd period - Nathan Gerbe wins face-off versus Vincent Trocheck in Senators zone.
9:28 of 2nd period - Snap shot by Zach Aston-Reese.
9:28 of 2nd period - Shot Blocked by Keegan Lowe.
9:42 of 2nd period - Vincent Trocheck is hit by Scott Harrington.
10:01 of 2nd period - Icing by Drake Caggiula.
10:02 of 2nd period - Daniel Carr wins face-off versus Chandler Stephenson in Sewer Rats zone.
10:28 of 2nd period - Off-side.
10:29 of 2nd period - Jordan Schroeder wins face-off versus Drake Caggiula in neutral zone.
10:42 of 2nd period - Wrist shot by Jordan Schroeder.
10:42 of 2nd period - Goal by Jordan Schroeder - Senators : 1 - Sewer Rats : 1.
10:43 of 2nd period - Vincent Trocheck wins face-off versus Nathan Gerbe in neutral zone.
10:50 of 2nd period - Wrist shot by Daniel Carr.
10:50 of 2nd period - Stopped by Sami Aittokallio with a rebound.
10:52 of 2nd period - Wrist shot by Daniel Carr.
10:52 of 2nd period - Shot Blocked by Nick Foligno.
10:54 of 2nd period - Slapshot by Joel Edmundson.
10:54 of 2nd period - Shot Misses the Net.
10:56 of 2nd period - Slapshot by Joel Edmundson.
10:56 of 2nd period - Shot Misses the Net.
10:58 of 2nd period - Slapshot by Stefan Elliott.
10:58 of 2nd period - Shot Misses the Net.
11:33 of 2nd period - Snap shot by Dmitrij Jaskin.
11:33 of 2nd period - Stopped by Sami Aittokallio with a rebound.
11:49 of 2nd period - Slapshot by Daniel Carr.
11:49 of 2nd period - Stopped by Sami Aittokallio without a rebound.
11:50 of 2nd period - Vincent Trocheck wins face-off versus Jake Evans in Senators zone.
11:55 of 2nd period - Wrist shot by Mark Mancari.
11:55 of 2nd period - Goal by Mark Mancari - Senators : 1 - Sewer Rats : 2.
11:56 of 2nd period - Nathan Gerbe wins face-off versus Vincent Trocheck in neutral zone.
12:04 of 2nd period - Icing by Joel Edmundson.
12:05 of 2nd period - Mark Mancari wins face-off versus Nathan Gerbe in Sewer Rats zone.
12:05 of 2nd period - Mark Mancari is hit by Scott Harrington.
12:25 of 2nd period - Scott Harrington is hit by Joel Edmundson and loses puck.
12:36 of 2nd period - Wrist shot by Nick Foligno.
12:36 of 2nd period - Stopped by Marek Mazanek with a rebound.
12:38 of 2nd period - Snap shot by Nathan Gerbe.
12:38 of 2nd period - Goal by Nathan Gerbe - Senators : 2 - Sewer Rats : 2.
12:39 of 2nd period - Jordan Schroeder wins face-off versus Jonathan Marchessault in neutral zone.
12:53 of 2nd period - Wrist shot by Tomas Jurco.
12:53 of 2nd period - Stopped by Marek Mazanek with a rebound.
12:55 of 2nd period - Snap shot by Zemgus Girgensons.
12:55 of 2nd period - Stopped by Marek Mazanek with a rebound.
13:05 of 2nd period - Nick Foligno is hit by Mark Mancari and loses puck.
13:14 of 2nd period - Wrist shot by Jonathan Ferland.
13:14 of 2nd period - Stopped by Marek Mazanek with a rebound.
13:32 of 2nd period - Wrist shot by Zachary Sanford.
13:32 of 2nd period - Deflect By John Ramage.
13:32 of 2nd period - Shot Blocked by Dmitrij Jaskin.
13:32 of 2nd period - Puck is out of play.
13:33 of 2nd period - Jonathan Marchessault wins face-off versus Nathan Gerbe in Sewer Rats zone.
13:33 of 2nd period - Stefan Elliott is hit by Jonathan Ferland and loses puck.
13:38 of 2nd period - Wrist shot by Jonathan Ferland.
13:38 of 2nd period - Deflect By Nick Foligno.
13:38 of 2nd period - Stopped by Marek Mazanek without a rebound.
13:39 of 2nd period - Jonathan Marchessault wins face-off versus Nathan Gerbe in Sewer Rats zone.
13:49 of 2nd period - Snap shot by Nick Foligno.
13:49 of 2nd period - Shot Blocked by Stefan Elliott.
13:51 of 2nd period - Slapshot by Nathan Gerbe.
13:51 of 2nd period - Deflect By Stefan Elliott.
13:51 of 2nd period - Shot Blocked by Stefan Elliott.
13:51 of 2nd period - Puck is out of play.
13:52 of 2nd period - Jonathan Ferland wins face-off versus Vincent Trocheck in Sewer Rats zone.
13:53 of 2nd period - Snap shot by Nathan Gerbe.
13:53 of 2nd period - Stopped by Marek Mazanek without a rebound.
13:54 of 2nd period - Nathan Gerbe wins face-off versus Daniel Carr in Sewer Rats zone.
14:01 of 2nd period - Snap shot by Jonathan Ferland.
14:01 of 2nd period - Stopped by Marek Mazanek with a rebound.
14:03 of 2nd period - Wrist shot by Nathan Gerbe.
14:03 of 2nd period - Stopped by Marek Mazanek with a rebound.
14:05 of 2nd period - Slapshot by Keegan Lowe.
14:05 of 2nd period - Deflect By Nathan Gerbe.
14:05 of 2nd period - Shot Misses the Net.
14:05 of 2nd period - Puck is out of play.
14:06 of 2nd period - Vincent Trocheck wins face-off versus Jordan Schroeder in Sewer Rats zone.
14:11 of 2nd period - Snap shot by Zemgus Girgensons.
14:11 of 2nd period - Deflect By Daniel Carr.
14:11 of 2nd period - Shot Misses the Net.
14:11 of 2nd period - Puck is out of play.
14:12 of 2nd period - Jordan Schroeder wins face-off versus Vincent Trocheck in Sewer Rats zone.
14:39 of 2nd period - Slapshot by Erik Condra.
14:39 of 2nd period - Stopped by Sami Aittokallio with a rebound.
14:41 of 2nd period - Snap shot by Anthony Duclair.
14:41 of 2nd period - Shot Misses the Net.
14:43 of 2nd period - Wrist shot by Jonathan Marchessault.
14:43 of 2nd period - Stopped by Sami Aittokallio without a rebound.
14:44 of 2nd period - Vincent Trocheck wins face-off versus Nathan Gerbe in Senators zone.
14:55 of 2nd period - Snap shot by Nathan Gerbe.
14:55 of 2nd period - Shot Misses the Net.
15:09 of 2nd period - Erik Condra is hit by Jack Dougherty and loses puck.
15:35 of 2nd period - Minor Penalty to Jonathan Marchessault for Tripping.
15:36 of 2nd period - Nathan Gerbe wins face-off versus Vincent Trocheck in Sewer Rats zone.
15:39 of 2nd period - Wrist shot by Nick Foligno.
15:39 of 2nd period - Stopped by Marek Mazanek without a rebound.
15:40 of 2nd period - Nathan Gerbe wins face-off versus Vincent Trocheck in Sewer Rats zone.
15:44 of 2nd period - Slapshot by Scott Harrington.
15:44 of 2nd period - Goal by Scott Harrington - Senators : 3 - Sewer Rats : 2.
15:45 of 2nd period - Nathan Gerbe wins face-off versus Vincent Trocheck in neutral zone.
15:58 of 2nd period - Wrist shot by Jonathan Ferland.
15:58 of 2nd period - Shot Misses the Net.
16:00 of 2nd period - Snap shot by Nick Foligno.
16:00 of 2nd period - Shot Misses the Net.
16:10 of 2nd period - Scott Harrington is hit by Jonathan Marchessault and loses puck.
17:15 of 2nd period - Snap shot by Tomas Jurco.
17:15 of 2nd period - Stopped by Marek Mazanek with a rebound.
17:17 of 2nd period - Snap shot by Zemgus Girgensons.
17:17 of 2nd period - Stopped by Marek Mazanek with a rebound.
17:19 of 2nd period - Snap shot by Zemgus Girgensons.
17:19 of 2nd period - Stopped by Marek Mazanek with a rebound.
17:37 of 2nd period - Mark Mancari is hit by Jonathan Ferland and loses puck.
17:50 of 2nd period - Icing by Mark Mancari.
17:51 of 2nd period - Vincent Trocheck wins face-off versus Jordan Schroeder in Sewer Rats zone.
17:56 of 2nd period - Zemgus Girgensons is hit by Vincent Trocheck.
18:24 of 2nd period - Snap shot by Vincent Trocheck.
18:24 of 2nd period - Stopped by Sami Aittokallio without a rebound.
18:25 of 2nd period - Jonathan Marchessault wins face-off versus Jordan Schroeder in Senators zone.
18:34 of 2nd period - Slapshot by Erik Condra.
18:34 of 2nd period - Shot Misses the Net.
18:40 of 2nd period - Snap shot by Jonathan Marchessault.
18:40 of 2nd period - Stopped by Sami Aittokallio with a rebound.
18:50 of 2nd period - Drake Caggiula is hit by Dylan Blujus and loses puck.
19:39 of 2nd period - Slapshot by Scott Harrington.
19:39 of 2nd period - Deflect By Tomas Jurco.
19:39 of 2nd period - Shot Misses the Net.
19:39 of 2nd period - Puck is out of play.
19:40 of 2nd period - Jordan Schroeder wins face-off versus Jonathan Marchessault in Sewer Rats zone.
Goals for this period are 3 for Senators vs 1 for Sewer Rats.
Shots for this period are 18 for Senators vs 13 for Sewer Rats.
3rd period
0:01 of 3rd period - Nathan Gerbe wins face-off versus Vincent Trocheck in neutral zone.
1:05 of 3rd period - Slapshot by Nathan Gerbe.
1:05 of 3rd period - Stopped by Marek Mazanek with a rebound.
1:07 of 3rd period - Snap shot by Nathan Gerbe.
1:07 of 3rd period - Stopped by Marek Mazanek with a rebound.
1:09 of 3rd period - Snap shot by Dylan Blujus.
1:09 of 3rd period - Shot Misses the Net.
1:11 of 3rd period - Wrist shot by Jonathan Ferland.
1:11 of 3rd period - Shot Misses the Net.
2:00 of 3rd period - Slapshot by Jonathan Ferland.
2:00 of 3rd period - Stopped by Marek Mazanek without a rebound.
2:01 of 3rd period - Vincent Trocheck wins face-off versus Jordan Schroeder in Sewer Rats zone.
2:01 of 3rd period - Vincent Trocheck is hit by Tomas Jurco.
2:27 of 3rd period - Zachary Sanford is hit by Jonathan Marchessault.
2:35 of 3rd period - Snap shot by Chandler Stephenson.
2:35 of 3rd period - Shot Misses the Net.
2:37 of 3rd period - Slapshot by Scott Harrington.
2:37 of 3rd period - Deflect By Zachary Sanford.
2:37 of 3rd period - Shot Blocked by Erik Condra.
2:37 of 3rd period - Puck is out of play.
2:38 of 3rd period - Jordan Schroeder wins face-off versus Jonathan Marchessault in Sewer Rats zone.
2:41 of 3rd period - Slapshot by Tomas Jurco.
2:41 of 3rd period - Shot Misses the Net.
3:22 of 3rd period - Slapshot by Jake Evans.
3:22 of 3rd period - Deflect By Grant Besse.
3:22 of 3rd period - Shot Blocked by Stefan Elliott.
3:22 of 3rd period - Puck is out of play.
3:23 of 3rd period - Jonathan Marchessault wins face-off versus Jake Evans in Sewer Rats zone.
3:30 of 3rd period - Snap shot by A.J. Jenks.
3:30 of 3rd period - Deflect By Jarred Tinordi.
3:30 of 3rd period - Shot Blocked by Jarred Tinordi.
3:30 of 3rd period - Puck is out of play.
3:31 of 3rd period - Jordan Schroeder wins face-off versus Vincent Trocheck in Sewer Rats zone.
3:34 of 3rd period - Snap shot by Zemgus Girgensons.
3:34 of 3rd period - Stopped by Marek Mazanek without a rebound.
3:35 of 3rd period - Vincent Trocheck wins face-off versus Jordan Schroeder in Sewer Rats zone.
3:35 of 3rd period - Vincent Trocheck is hit by Zemgus Girgensons.
3:51 of 3rd period - Jordan Schroeder is hit by Daniel Carr and loses puck.
4:06 of 3rd period - Snap shot by Zachary Sanford.
4:06 of 3rd period - Shot Misses the Net.
4:08 of 3rd period - Wrist shot by Keegan Lowe.
4:08 of 3rd period - Deflect By Stefan Elliott.
4:08 of 3rd period - Stopped by Marek Mazanek with a rebound.
4:19 of 3rd period - Minor Penalty to Joel Edmundson for Roughing.
4:20 of 3rd period - Vincent Trocheck wins face-off versus Nathan Gerbe in Sewer Rats zone.
4:28 of 3rd period - Jarred Tinordi is hit by Nick Foligno and loses puck.
4:49 of 3rd period - Wrist shot by Zemgus Girgensons.
4:49 of 3rd period - Shot Hit the Post.
4:51 of 3rd period - Snap shot by Zemgus Girgensons.
4:51 of 3rd period - Shot Blocked by John Ramage.
4:53 of 3rd period - Wrist shot by Zemgus Girgensons.
4:53 of 3rd period - Stopped by Marek Mazanek without a rebound.
4:54 of 3rd period - Jordan Schroeder wins face-off versus Vincent Trocheck in Sewer Rats zone.
5:03 of 3rd period - Snap shot by Zemgus Girgensons.
5:03 of 3rd period - Stopped by Marek Mazanek without a rebound.
5:04 of 3rd period - Nathan Gerbe wins face-off versus Vincent Trocheck in Sewer Rats zone.
5:07 of 3rd period - Snap shot by Nathan Gerbe.
5:07 of 3rd period - Shot Misses the Net.
5:09 of 3rd period - Snap shot by Jonathan Ferland.
5:09 of 3rd period - Stopped by Marek Mazanek without a rebound.
5:10 of 3rd period - Nathan Gerbe wins face-off versus Vincent Trocheck in Sewer Rats zone.
6:19 of 3rd period - Penalty to Joel Edmundson is over, Joel Edmundson is back on ice.
6:26 of 3rd period - Off-side.
6:27 of 3rd period - Jordan Schroeder wins face-off versus Jonathan Marchessault in neutral zone.
7:03 of 3rd period - Wrist shot by Zachary Sanford.
7:03 of 3rd period - Shot Misses the Net.
7:05 of 3rd period - Wrist shot by Zachary Sanford.
7:05 of 3rd period - Shot Blocked by Stefan Elliott.
7:07 of 3rd period - Snap shot by Kyle Connor.
7:07 of 3rd period - Goal by Kyle Connor - Senators : 4 - Sewer Rats : 2.
7:08 of 3rd period - Vincent Trocheck wins face-off versus Jordan Schroeder in neutral zone.
7:11 of 3rd period - Wrist shot by Daniel Carr.
7:11 of 3rd period - Deflect By Tomas Jurco.
7:11 of 3rd period - Stopped by Sami Aittokallio with a rebound.
7:23 of 3rd period - Snap shot by Tomas Jurco.
7:23 of 3rd period - Stopped by Marek Mazanek with a rebound.
7:35 of 3rd period - John Ramage is hit by Chandler Stephenson and loses puck.
8:16 of 3rd period - Slapshot by Daniel Carr.
8:16 of 3rd period - Shot Misses the Net.
8:18 of 3rd period - Slapshot by Daniel Carr.
8:18 of 3rd period - Goal by Daniel Carr - Senators : 4 - Sewer Rats : 3.
8:19 of 3rd period - Vincent Trocheck wins face-off versus Nathan Gerbe in neutral zone.
9:16 of 3rd period - Slapshot by Jake Evans.
9:16 of 3rd period - Stopped by Marek Mazanek with a rebound.
9:18 of 3rd period - Wrist shot by Grant Besse.
9:18 of 3rd period - Stopped by Marek Mazanek with a rebound.
9:36 of 3rd period - Snap shot by Zachary Sanford.
9:36 of 3rd period - Shot Misses the Net.
10:01 of 3rd period - Ryan Murphy is hit by Adam Ollas-Mattsson.
10:35 of 3rd period - Snap shot by A.J. Jenks.
10:35 of 3rd period - Stopped by Marek Mazanek without a rebound.
10:36 of 3rd period - Vincent Trocheck wins face-off versus Jake Evans in Sewer Rats zone.
10:45 of 3rd period - Snap shot by Jarred Tinordi.
10:45 of 3rd period - Stopped by Sami Aittokallio with a rebound.
10:57 of 3rd period - Snap shot by Erik Condra.
10:57 of 3rd period - Stopped by Sami Aittokallio with a rebound.
10:59 of 3rd period - Wrist shot by Jonathan Marchessault.
10:59 of 3rd period - Shot Misses the Net.
11:45 of 3rd period - Snap shot by Zemgus Girgensons.
11:45 of 3rd period - Shot Hit the Post.
11:57 of 3rd period - Jonathan Marchessault is hit by Kyle Connor and loses puck.
12:33 of 3rd period - Off-side.
12:34 of 3rd period - Vincent Trocheck wins face-off versus Tomas Jurco in neutral zone.
13:13 of 3rd period - Jordan Schroeder is hit by Mark Mancari and loses puck.
13:21 of 3rd period - Off-side.
13:22 of 3rd period - Jonathan Marchessault wins face-off versus Nathan Gerbe in neutral zone.
13:24 of 3rd period - Off-side.
13:25 of 3rd period - Jonathan Marchessault wins face-off versus Nathan Gerbe in neutral zone.
13:32 of 3rd period - Slapshot by Anthony Duclair.
13:32 of 3rd period - Shot Misses the Net.
13:34 of 3rd period - Slapshot by John Ramage.
13:34 of 3rd period - Stopped by Sami Aittokallio without a rebound.
13:35 of 3rd period - Zach Aston-Reese wins face-off versus Nathan Gerbe in Senators zone.
13:40 of 3rd period - Snap shot by Zach Aston-Reese.
13:40 of 3rd period - Shot Misses the Net.
13:42 of 3rd period - Wrist shot by Vincent Trocheck.
13:42 of 3rd period - Shot Blocked by Jonathan Ferland.
13:44 of 3rd period - Slapshot by Joel Edmundson.
13:44 of 3rd period - Shot Misses the Net.
13:46 of 3rd period - Slapshot by Zach Aston-Reese.
13:46 of 3rd period - Shot Blocked by Keegan Lowe.
13:48 of 3rd period - Slapshot by Joel Edmundson.
13:48 of 3rd period - Stopped by Sami Aittokallio with a rebound.
13:50 of 3rd period - Slapshot by Stefan Elliott.
13:50 of 3rd period - Stopped by Sami Aittokallio with a rebound.
14:00 of 3rd period - Jonathan Marchessault is hit by Zemgus Girgensons and loses puck.
14:23 of 3rd period - Snap shot by Chandler Stephenson.
14:23 of 3rd period - Stopped by Marek Mazanek with a rebound.
14:25 of 3rd period - Wrist shot by Zachary Sanford.
14:25 of 3rd period - Shot Blocked by Jarred Tinordi.
14:27 of 3rd period - Backhand shot by Dylan Blujus.
14:27 of 3rd period - Shot Misses the Net.
14:29 of 3rd period - Wrist shot by Chandler Stephenson.
14:29 of 3rd period - Shot Misses the Net.
14:31 of 3rd period - Slapshot by Dylan Blujus.
14:31 of 3rd period - Shot Misses the Net.
15:21 of 3rd period - Jarred Tinordi is hit by Keegan Lowe and loses puck.
15:28 of 3rd period - Wrist shot by Tomas Jurco.
15:28 of 3rd period - Shot Blocked by Mark Mancari.
15:34 of 3rd period - Snap shot by Jarred Tinordi.
15:34 of 3rd period - Stopped by Sami Aittokallio with a rebound.
15:36 of 3rd period - Slapshot by John Ramage.
15:36 of 3rd period - Stopped by Sami Aittokallio without a rebound.
15:37 of 3rd period - Jonathan Marchessault wins face-off versus Chandler Stephenson in Senators zone.
15:40 of 3rd period - Snap shot by Erik Condra.
15:40 of 3rd period - Deflect By Anthony Duclair.
15:40 of 3rd period - Shot Misses the Net.
15:40 of 3rd period - Puck is out of play.
15:41 of 3rd period - Jonathan Marchessault wins face-off versus Chandler Stephenson in Senators zone.
16:13 of 3rd period - Icing by Dylan Blujus.
16:14 of 3rd period - Jonathan Marchessault wins face-off versus Nathan Gerbe in Senators zone.
16:24 of 3rd period - Off-side.
16:25 of 3rd period - Chandler Stephenson wins face-off versus Daniel Carr in neutral zone.
16:34 of 3rd period - Wrist shot by Zachary Sanford.
16:34 of 3rd period - Shot Blocked by Stefan Elliott.
16:50 of 3rd period - Nick Foligno is hit by Stefan Elliott and loses puck.
16:59 of 3rd period - Slapshot by Erik Condra.
16:59 of 3rd period - Stopped by Sami Aittokallio without a rebound.
17:00 of 3rd period - Jonathan Marchessault wins face-off versus Chandler Stephenson in Senators zone.
17:25 of 3rd period - Nick Foligno is hit by Zach Aston-Reese and loses puck.
17:53 of 3rd period - Off-side.
17:54 of 3rd period - Vincent Trocheck wins face-off versus Jake Evans in neutral zone.
18:38 of 3rd period - Eric Mestery is hit by Anthony Duclair and loses puck.
19:04 of 3rd period - Sewer Rats, Marek Mazanek is pulled from the net.
19:06 of 3rd period - Slapshot by Vincent Trocheck.
19:06 of 3rd period - Stopped by Sami Aittokallio without a rebound.
19:07 of 3rd period - Joël Bouchard call a timeout for Sewer Rats.
19:07 of 3rd period - Nathan Gerbe wins face-off versus Vincent Trocheck in Senators zone.
19:07 of 3rd period - Nathan Gerbe is hit by Vincent Trocheck.
19:40 of 3rd period - Off-side.
19:41 of 3rd period - Nathan Gerbe wins face-off versus Vincent Trocheck in neutral zone.
19:43 of 3rd period - Off-side.
19:44 of 3rd period - Nathan Gerbe wins face-off versus Vincent Trocheck in neutral zone.
Goals for this period are 1 for Senators vs 1 for Sewer Rats.
Shots for this period are 14 for Senators vs 11 for Sewer Rats.
Output by the SimonT Hockey Simulator (STHS) for Francois Prevost